 Dungeon Crawl Stone Soup version 0.20.1-1-g8b1a95d (webtiles) character file.

43 KingStallion the Skirmisher (level 3, -2/33 HPs)
             Began as a Draconian Berserker on Sept 10, 2017.
             Was a Believer of Trog.
             Slain by a kobold
             ... wielding a +0 short sword
              (5 damage)
             ... on level 2 of the Dungeon.
             The game lasted 00:01:50 (660 turns).

KingStallion the Skirmisher (Draconian Berserker)    Turns: 660, Time: 00:01:51

Health: -2/33      AC:  5    Str: 20    XL:     3   Next: 37%
Magic:  3/3        EV: 10    Int:  7    God:    Trog [**....]
Gold:   9          SH:  7    Dex: 10    Spells: 2/2 levels left

rFire    . . .     SeeInvis .   a - +0 falchion
rCold    . . .     Gourm    .   d - +0 shield
rNeg     . . .     Faith    .   (armour unavailable)
rPois    .         Spirit   .   (helmet restricted)
rElec    .         Reflect  .   (no cloak)
rCorr    .         Harm     .   (no gloves)
MR       .....                  (no boots)
Stlth    +.........             (no amulet)
Regen    0.2/turn               (no ring)
MPRegen  0.1/turn               (no ring)

@: no status effects
A: unfitting armour, cold-blooded, AC +5
a: Berserk, Trog's Hand, Burn Spellbooks, Renounce Religion


You were on level 2 of the Dungeon.
You worshipped Trog.
Trog was pleased with you.
You were not hungry.

You visited 1 branch of the dungeon, and saw 2 of its levels.

You collected 9 gold pieces.

Inventory:

Hand Weapons
 a - a +0 falchion (weapon)
Armour
 d - a +0 shield (worn)
Scrolls
 e - a scroll of enchant armour {unknown}
 j - a scroll of identify {unknown}
Potions
 f - 2 potions of brilliance {unknown}
 g - a potion of heal wounds {unknown}
 h - 2 potions of haste {unknown}
 i - a potion of cancellation {unknown}
Comestibles
 b - 2 bread rations
 c - 2 meat rations
 k - 2 chunks of flesh


   Skills:
 + Level 3.7 Fighting
 + Level 3.3 Long Blades
 + Level 3.5 Dodging


You had 2 spell levels left.
You didn't know any spells.

Dungeon Overview and Level Annotations

Branches:
Dungeon (2/15)

Altars:


Innate Abilities, Weirdness & Mutations

Your plain brown scales are hard. (AC +5)
You cannot fit into any form of body armour.
You are cold-blooded and may be slowed by cold attacks.


Message History

The kobold hits you but does no damage. The kobold hits you but does no damage.
The kobold hits you but does no damage. The kobold closely misses you.
The kobold hits you with a short sword. The kobold hits you but does no damage.
You block the kobold's attack. The kobold hits you with a short sword.
* * * LOW HITPOINT WARNING * * *
The kobold hits you but does no damage. The kobold hits you with a short sword.
* * * LOW HITPOINT WARNING * * *
You block the kobold's attack. The kobold hits you but does no damage.
The kobold barely misses you. You block the kobold's attack.
The kobold hits you with a short sword.
* * * LOW HITPOINT WARNING * * *
The kobold hits you with a short sword.
You die...

##...# .# ###.##..#
#.##.# #......#
...... ...#.####
#...... ####.#
....... #.##
#.###....... #..##
##.. #........ #...#
##.. ##K.......
###.# #..###.@# #.#
#.#.....#
#.###.#.###.#.#
#.##..........#
##...<(........#
####†...##........#
#.....#.....>.....#
...##.#............#
.# #....###.........


You could see a kobold.

Vanquished Creatures
  2 adders (D:2)
  A dart slug (D:1)
  2 leopard geckos (D:2)
  2 bats (D:1)
  A giant cockroach (D:2)
  2 goblins (D:1)
  A hobgoblin (D:1)
  2 jackals (D:1)
  A quokka (D:2)
  4 frilled lizards
  A kobold (D:2)
  2 rats (D:1)
21 creatures vanquished.

Notes
Turn   | Place    | Note
-------+----------+-------------------------------------------
     0 | D:1      | KingStallion the Draconian Berserker began the quest for the Orb.
     0 | D:1      | Reached XP level 1. HP: 19/19 MP: 1/1
     6 | D:1      | Noticed a water moccasin
     6 | D:1      | Noticed a swamp worm
     7 | D:1      | Noticed a black bear
     7 | D:1      | Noticed a wolf
   135 | D:1      | Reached XP level 2. HP: 26/26 MP: 2/2
   537 | D:2      | Reached ** piety under Trog
   537 | D:2      | Reached XP level 3. HP: 23/33 MP: 3/3
   660 | D:2      | Slain by a kobold

Skill      XL: |  1  2 |
---------------+-------+-----
Dodging        | 3 |  3.5
Fighting       | |  3.7
Long Blades    | |  3.3

Action                   || total
-------------------------++-------
Melee: Falchion          ||    47
       Tailslap          ||     8
Armor: Skin              ||    51
Dodge: Dodged            ||    85
Block: Shield            ||    12
       Rpst.: Falchion   ||    24
